 Dungeon Crawl Stone Soup version 0.29.0-13-gc9e81de378 (webtiles) character file.

Game seed: 3604476948710250900

100 sanka the Insei (level 4, -3/38 HPs)
             Began as a Draconian Monk on Sept 8, 2022.
             Slain by a sickly merfolk siren
             ... wielding a +0 trident
              (22 damage)
             ... in a sewer.
             The game lasted 00:03:00 (2355 turns).

sanka the Insei (Draconian Monk)                    Turns: 2355, Time: 00:03:01

Health: -3/38      AC:  5    Str: 13    XL:     4   Next: 47%
Magic:  4/4        EV: 12    Int: 12    God:
Gold:   127        SH:  5    Dex: 14    Spells: 3/3 levels left

rFire   . . .      SeeInvis .     - Unarmed
rCold   . . .      Faith    .   (no shield)
rNeg    . . .      Spirit   .   (body armour unavailable)
rPois   .          Reflect  +   (helmet restricted)
rElec   .          Harm     .   (no cloak)
rCorr   .          Rampage  .   (no gloves)
Will    .....                   (no boots)
Stlth   ++........              g - amulet of reflection
HPRegen 0.12/turn               (no ring)
MPRegen 0.09/turn               (no ring)

@: mesmerised
A: AC +5, unfitting armour, cold-blooded
a: no special abilities


You were in a sewer.
You visited 1 branch of the dungeon, and saw 3 of its levels.
You also visited: Sewer.

You collected 127 gold pieces.


Innate Abilities, Weirdness & Mutations

Your plain brown scales are hard. (AC +5)
You cannot fit into any form of body armour.
You are cold-blooded and may be slowed by cold attacks.


   Skills:
 - Level 3.2 Fighting
 - Level 2.6 Dodging
 - Level 1.7 Stealth
 + Level 5.3 Unarmed Combat


You had 3 spell levels left.
You didn't know any spells.
Your spell library contained the following spells:

 Spells                   Type           Power      Damage    Failure   Level
 Necrotise                Necr           0%         1d4       32%         1
 Dazzling Flash           Conj/Hex       0%         N/A       69%         3
 Ozocubu's Armour         Ice            0%         N/A       69%         3
 Vampiric Draining        Necr           0%         2d6       69%         3
 Agony                    Necr           0%         N/A       100%        5
 Silence                  Hex/Air        0%         N/A       100%        5
 Ozocubu's Refrigeration  Ice            0%         4d7       100%        7

Inventory:

Jewellery
 g - an amulet of reflection (around neck)
Scrolls
 c - 2 scrolls of identify {unknown}
 e - a scroll of amnesia {unknown}
 f - 2 scrolls of vulnerability {unknown}
 h - a scroll of poison {unknown}
 j - a scroll of teleportation {unknown}
Potions
 a - a potion of ambrosia
 b - a potion of attraction {unknown}
 d - a potion of cancellation {unknown}
 i - a potion of curing {unknown}
 k - a potion of haste {unknown}
 l - a potion of mutation {unknown}

Dungeon Overview and Level Annotations

Branches:
Dungeon (3/15)              Sewer (1/1)

Altars:

▒▒▒▒▒ ▒▒~...▒▒▒
▒~~~~...▒▒
▒~~~.d.▒▒▒▒▒▒▒
▒~≈~m~.†.....▒
▒≈≈≈~~~~~~▒▒†▒
▒▒▒▒~▒▒▒≈≈≈▒†▒
..~
▒▒▒≈†~▒▒▒▒▒▒▒▒▒
▒£££.
▒≈≈~~~~~~~~~~
▒▒▒▒▒
▒▒▒▒▒▒▒▒▒▒≈~≈
▒▒▒▒▒▒ ▒∩∩~~~


You could see a sickly merfolk siren (mesmerising).


Message History

You kill the ball python!
The rat bites you but does no damage.
The sickly merfolk siren chants its luring song.
Unknown command.
You hit the rat.
You kill the rat!
The sickly merfolk siren chants its luring song.
Found 12 gold pieces.
The sickly merfolk siren chants its luring song.
Items here: ††††.
Found 8 gold pieces.
The sickly merfolk siren chants its luring song.
The sickly merfolk siren chants its luring song.
You hit the sickly merfolk siren.
The sickly merfolk siren is moderately wounded.
The sickly merfolk siren hits you with a +0 trident!
* * * LOW HITPOINT WARNING * * *
You hit the sickly merfolk siren.
The sickly merfolk siren is severely wounded.
The sickly merfolk siren chants its luring song.
You barely miss the sickly merfolk siren.
Your tail-slap misses the sickly merfolk siren.
The sickly merfolk siren is severely wounded.
The sickly merfolk siren barely misses you.
You closely miss the sickly merfolk siren.
You tail-slap the sickly merfolk siren, but do no damage.
The sickly merfolk siren is severely wounded.
The sickly merfolk siren hits you with a +0 trident!!
Ouch! That really hurt!
You die...

Action                   |  1- 3 |  4- 6 || total
-------------------------+-------+-------++-------
Melee: Unarmed           |   128 |    61 ||   189
       Tailslap          |    17 |     4 ||    21
       Punch             |     1 |     2 ||     3
 Stab: Sleeping          |     9 |     1 ||    10
Armor: Skin              |    15 |    19 ||    34
Dodge: Dodged            |    69 |    35 ||   104
Block: Other             |    14 |    26 ||    40
       Reflection        |     2 |       ||     2

Levels and vault maps discovered:
D:1:      minmay_arrival_up_and_down, layout_basic,
          hangedman_abyss_or_decor_stabs, serial_bayou_pond_b
D:2:      layout_rooms, chequers_serial_rivers_room_b, dk_noncrumbling_2,
          cheibrodos_gnoll_hut
D:3:      layout_basic, chequers_ecumenical_altar_grove, portal_sewer_entry_b
Sewer:    sewer_sea

Notes
Turn   | Place    | Note
-------+----------+-------------------------------------------
     0 | D:1      | sanka the Draconian Monk began the quest for the Orb.
     0 | D:1      | Reached XP level 1. HP: 19/19 MP: 1/1
   413 | D:1      | Reached XP level 2. HP: 26/26 MP: 2/2
  1087 | D:1      | Identified a +0 crystal plate armour
  1181 | D:2      | Reached skill level 4 in Unarmed Combat
  1340 | D:2      | Reached XP level 3. HP: 31/31 MP: 3/3
  1973 | D:3      | Found a glowing drain.
  1979 | D:3      | Reached XP level 4. HP: 30/38 MP: 4/4
  2053 | Sewer    | Entered a sewer
  2058 | Sewer    | Reached skill level 5 in Unarmed Combat
  2355 | Sewer    | Slain by a sickly merfolk siren

Vanquished Creatures
  An adder (Sewer)
  A gnoll (D:2)
  A river rat (Sewer)
  A worm (D:2)
  A dart slug (D:3)
  2 orcs (D:3)
  10 ball pythons
  2 endoplasms
  A giant cockroach (D:2)
  5 goblins
  4 hobgoblins
  2 jackals (D:2)
  6 quokkas
  4 bats
  4 frilled lizards
  7 kobolds
  12 rats
64 creatures vanquished.
